 Dungeon Crawl Stone Soup version 0.31-a0-180-g519b7de00c (webtiles) character file.

Game seed: 7999598674674150616

234 frimble the Ruffian (level 6, -3/39 HPs)
             Began as an Octopode Warper on June 20, 2023.
             Killed from afar by Maggie the rime drake (23 damage)
             ... with an icy flash freeze
             ... on level 6 of the Dungeon.
             The game lasted 00:04:03 (2915 turns).

frimble the Ruffian (Octopode Warper)               Turns: 2915, Time: 00:04:03

Health: -3/39      AC:  1    Str: 13    XL:     6   Next: 5%
Magic:  9/9        EV: 13    Int: 21    God:
Gold:   112        SH:  0    Dex: 11    Spells: 7/9 levels left

rFire   . .          .
                       - Unarmed
rCold   . . .        (no shield)
rNeg    . . .        (helmet restricted)
rPois   .            (no amulet)
rElec   .            j - +6 ring of intelligence
rCorr   .            (no ring)
SInv    .            (no ring)
Will    .....        (no ring)
Stlth   ++           (no ring)
HPRegen 0.26/turn    (no ring)
MPRegen 0.11/turn    (no ring)
                     (no ring)

%: no passive effects
@: hasted, very quick
A: almost no armour, amphibious, 8 rings, camouflage 1, gelatinous body 1,
(nimble swimmer 1), tentacles
a: no special abilities


You were on level 6 of the Dungeon.
You visited 1 branch of the dungeon, and saw 5 of its levels.

You collected 112 gold pieces.

Inventory:

Missiles
 b - 7 boomerangs of dispersal (quivered)
Jewellery
 j - a +6 ring of intelligence (left tentacle)
Wands
 g - a wand of flame (37)
 l - a wand of polymorph (2)
Scrolls
 a - a scroll of blinking
 c - a scroll of teleportation
 f - 2 scrolls of enchant weapon
Potions
 d - a potion of might
 e - 2 potions of curing
 k - a potion of ambrosia


   Skills:
 - Level 2.0 Fighting
 - Level 1.0 Throwing
 - Level 2.3 Dodging
 + Level 0.0 Stealth
 + Level 4.9 Unarmed Combat
 - Level 2.0 Spellcasting
 - Level 3.0 Translocations
 + Level 3.5 Evocations


You had 7 spell levels left.
You knew the following spells:

 Your Spells              Type           Power      Damage    Failure   Level
a - Blink                 Tloc           28%        N/A       6%          2

Your spell library contained the following spells:

 Spells                   Type           Power      Damage    Failure   Level
 Lesser Beckoning         Tloc           28%        N/A       6%          2
 Teleport Other           Tloc           14%        N/A       13%         3
 Shock                    Conj/Air       8%         1d3       14%         1
 Vhi's Electric Charge    Tloc/Air       16%        N/A       24%         3
 Manifold Assault         Tloc           14%        N/A       38%         4
 Swiftness                Air            2%         N/A       41%         3
 Airstrike                Air            1%         2d(1-17)  82%         4
 Storm Form               Tmut/Air       1%         N/A       100%        7


Dungeon Overview and Level Annotations

Branches:
Dungeon (4/15)
 Temple: D:4-7

Altars:
Ru
Wu Jian

Annotations:
D:6 Maggie


Innate Abilities, Weirdness & Mutations

You cannot wear most types of armour.
You are amphibious.
You can wear up to eight rings at the same time.
Your skin changes colour to match your surroundings (Stealth+).
Your rubbery body absorbs attacks. (AC +1, EV +1)
((You are camouflaged when in or above water. (Stealth+)))
You have tentacles for arms and can constrict up to eight enemies at once.


Message History

The floor.
Okay, then.
You tentacle-slap Maggie.
Maggie is lightly wounded.
The ice encasing you melts away. Maggie breathes ice at you.
The icy flash freeze hits you!!
Ouch! That really hurt!
* * * LOW HITPOINT WARNING * * *
You are encased in ice.
You barely miss Maggie.
Maggie is lightly wounded.
Maggie barely misses you.
You tentacle-slap Maggie.
Your tentacle-slap misses Maggie.
You squeeze Maggie!
Maggie is moderately wounded.
You feel much better. Maggie bites you.
You bludgeon Maggie!
Maggie is severely wounded.
The ice encasing you melts away. Maggie breathes ice at you.
The icy flash freeze misses you.
You tentacle-slap Maggie.
Maggie is severely wounded.
Maggie misses you.
You closely miss Maggie. You squeeze Maggie.
Maggie is almost dead.
You barely miss Maggie.
Maggie is almost dead.
Maggie misses you.
A hound comes into view.
You tentacle-slap Maggie but do no damage.
Maggie is almost dead.
Maggie bites you!
You tentacle-slap Maggie. You squeeze Maggie, but do no damage.
Maggie is almost dead.
A jelly comes into view.
Maggie breathes ice at you. The icy flash freeze hits you!!
Ouch! That really hurt!
You die...

######.######...#
.................+
#######....###...#
. #######..#.# .#
.. .........#.# J.
########.#.# .## #
#.#.. .).# #
#.#########..## #
#........@k...# #
##########.#..# ..
.# # ... ## #...
#...


You could see Maggie the rime drake (catching breath) and a jelly (wandering).

Vanquished Creatures
  Ijyb (D:3)
  An iguana (D:6)
  4 gnolls
  6 adders
  A white imp (D:6)
  A worm (D:2)
  A dart slug (D:2)
  8 endoplasms
  5 giant cockroaches
  7 hobgoblins
  5 jackals (D:2)
  6 quokkas
  3 ball pythons
  8 bats
  3 frilled lizards
  7 goblins
  8 kobolds
  9 rats
84 creatures vanquished.

Notes
Turn   | Place    | Note
-------+----------+-------------------------------------------
     0 | D:1      | frimble the Octopode Warper began the quest for the Orb.
     0 | D:1      | Reached XP level 1. HP: 14/14 MP: 3/3
    77 | D:1      | Reached XP level 2. HP: 12/19 MP: 5/5
    84 | D:1      | Learned a level 2 spell: Blink
   486 | D:1      | Reached skill level 3 in Unarmed Combat
   718 | D:2      | Reached XP level 3. HP: 24/24 MP: 6/6
  1009 | D:2      | Reached skill level 1 in Evocations
  1014 | D:2      | Reached XP level 4. HP: 14/29 MP: 7/7
  1450 | D:2      | Reached skill level 4 in Unarmed Combat
  1706 | D:3      | Reached XP level 5. HP: 24/34 MP: 8/8
  2050 | D:3      | Found an ornate altar of the Wu Jian Council.
  2149 | D:3      | Found a sacrificial altar of Ru.
  2431 | D:3      | Noticed Ijyb
  2505 | D:3      | Killed Ijyb
  2775 | D:4      | Noticed a phantom
  2775 | D:4      | You fall into a shaft and drop 2 floors!
  2792 | D:6      | Reached XP level 6. HP: 27/39 MP: 9/9
  2901 | D:6      | Noticed Maggie
  2902 | D:6      | Maggie changed into Maggie the rime drake
  2902 | D:6      | Noticed Maggie
  2915 | D:6      | Killed from afar by Maggie the rime drake

Illustrated notes

Levels and vault maps discovered:
D:1:      spicycebolla_arrival_clurvy, layout_basic, st_stairs_4,
          interstate_on_off
D:2:      minmay_chambers_of_twos, layout_loops_ring, minmay_tetromino_s4
D:3:      layout_basic, nicolae_ru_sacrificial_ziggurat,
          nicolae_wu_jian_wuxing_cycle, skrybe_limestone_x,
          chequers_serial_rivers_large_b, uniq_ijyb
D:4:      layout_rooms, lightli_temple_of_fire, serial_undead, serial_undead_b,
          serial_undead_f, serial_undead_d, serial_undead_b,
          grunt_ministairs_10, uniq_robin
D:6:      layout_basic, kennysheep_generic_room_7, uniq_grinder, uniq_maggie

Skill      XL: |  1  2  3  4  5 |
---------------+----------------+-----
Unarmed Combat | 3 4 |  4.9
Evocations     | 1 2 3 |  3.5
Fighting       | |  2.0
Throwing       | |  1.0
Dodging        | |  2.3
Spellcasting   | |  2.0
Translocations | |  3.0

Action                     |  1- 3 |  4- 6 || total
---------------------------+-------+-------++-------
  Melee: Unarmed           |    78 |   113 ||   191
         Constrict         |    18 |    27 ||    45
         Tentacles         |    15 |    30 ||    45
         Punch             |     2 |     2 ||     4
   Cast: Blink             |       |     5 ||     5
  Evoke: Wand              |       |     5 ||     5
    Use: Scroll            |     6 |     5 ||    11
         Potion            |       |     3 ||     3
   Stab: Sleeping          |     3 |     5 ||     8
         Distracted        |       |     1 ||     1
 Armour: Skin              |     2 |    15 ||    17
  Dodge: Dodged            |    44 |    77 ||   121

Table legend: (Time is in decaauts)
 A = Elapsed time spent in this place.
 B = Non-inter-level travel time spent in this place.
 C = Inter-level travel time spent in this place.
 D = Time resting spent in this place.
 E = Time spent auto-exploring this place.
 F = Levels seen in this place.
 G = Mean time per level.
                   A        B        C        D        E       F      G
               +--------+--------+--------+--------+--------+-----+--------+
         Total |   2897 |   2820 |     77 |      0 |   2291 |   5 |  579.4 |
       Dungeon |   2897 |   2820 |     77 |      0 |   2291 |   5 |  579.4 |
               +--------+--------+--------+--------+--------+-----+--------+

Top non-repeatable levels by time:
     D:2: 1088 daAuts
     D:3: 1007 daAuts
     D:1: 663 daAuts
     D:6: 135 daAuts
     D:4: 1 daAuts
